 Dungeon Crawl Stone Soup version 0.29-a0-284-gf9362112df (webtiles) character file.

Game seed: 1618606149978705121

135 cojito the Skirmisher (level 4, -7/39 HPs)
             Began as a Palentonga Berserker on Mar 30, 2022.
             Was a Believer of Trog.
             Mangled by a yak (10 damage)
             ... on level 5 of the Dungeon.
             The game lasted 00:03:10 (3442 turns).

cojito the Skirmisher (Palentonga Berserker)        Turns: 3442, Time: 00:03:11

Health: -7/39      AC:  8    Str: 22    XL:     4   Next: 96%
Magic:  4/4        EV:  6    Int:  8    God:    Trog [**....]
Gold:   198        SH:  0    Dex:  9    Spells: 3/3 levels left

rFire   . . .      SeeInvis +   a - +0 hand axe
rCold   . . .      Faith    .   (no shield)
rNeg    . . .      Spirit   .   e - +0 chain mail
rPois   +          Reflect  .   (no helmet)
rElec   .          Harm     .   u - +0 cloak
rCorr   .          Rampage  .   (no gloves)
Will    +....                   (no barding)
Stlth   ..........              (no amulet)
HPRegen 0.13/turn               b - ring of willpower
MPRegen 0.09/turn               l - ring of poison resistance

@: on berserk cooldown, hasted and slowed
A: large, rugged brown scales 3, see invisible, deformed body, roll 1, armoured
tail
a: Rolling Charge, Renounce Religion, Berserk, Trog's Hand


You were on level 5 of the Dungeon.
You worshipped Trog.
Trog was pleased with you.
You visited 1 branch of the dungeon, and saw 5 of its levels.

You collected 198 gold pieces.

Inventory:

Hand Weapons
 a - a +0 hand axe (weapon)
Armour
 e - a +0 chain mail (worn)
 u - a +0 cloak (worn)
Jewellery
 b - a ring of willpower (left hand)
 j - a ring of protection from fire
 l - a ring of poison resistance (right hand)
 w - a ring of flight
Scrolls
 c - 2 scrolls of teleportation
 f - a scroll of holy word {unknown}
 g - a scroll of fog
 i - a scroll of noise {unknown}
 k - a scroll of summoning {unknown}
 m - a scroll of immolation {unknown}
 n - 2 scrolls of vulnerability {unknown}
 q - a scroll of identify {unknown}
 v - a scroll of blinking {unknown}
Potions
 h - a potion of attraction {unknown}
 o - 2 potions of resistance {unknown}
 r - a potion of lignification {unknown}
 s - a potion of mutation {unknown}
 t - 2 potions of curing {unknown}


   Skills:
 * Level 4.0 Fighting
 * Level 4.0 Axes
 + Level 2.3 Armour
 + Level 2.2 Dodging


You had 3 spell levels left.
You didn't know any spells.
Your spell library was empty.

Dungeon Overview and Level Annotations

Branches:
Dungeon (5/15)
 Temple: D:4-7

Altars:
Ashenzari
Cheibriados
Elyvilon
Uskayaw
Wu Jian

Shops:
D:1 ?(

Annotations:
D:4 3 runed translucent doors, yunder69's ghost, amateur MiBe


Innate Abilities, Weirdness & Mutations

You are completely covered in rugged brown scales. (AC +3, +7% HP)
You have supernaturally acute eyesight. (SInv)
Armour fits poorly on your strangely shaped body.
You can roll at nearby foes to attack.
You have a long armoured tail.


Message History

Unknown command.
Okay, then.
Okay, then.
There is a stone staircase leading down here.
You climb downwards.
There is a stone staircase leading up here.
Found a stone staircase leading down. 4 yaks come into view.
The yak bellows! x2
The yak moves out of view. x2
A yak comes into view.
There are monsters nearby!
There are monsters nearby!
There are monsters nearby!
There are monsters nearby!
The yak bellows!
The yak attacks as you move away! The yak gores you!
There is a stone staircase leading up here.
A red film seems to cover your vision as you go berserk!
You feel yourself moving faster!
You feel mighty! The yak gores you! x2
You are too injured to fight recklessly!
You are too injured to fight recklessly!
You are too injured to fight recklessly!
You feel a strong urge to attack something.
The yak gores you. The yak gores you!
* * * LOW HITPOINT WARNING * * *
The yak gores you.
* * * LOW HITPOINT WARNING * * *
There is a stone staircase leading up, spattered with blood here.
You feel your anger nearly subside.
You are no longer berserk.
You are exhausted.
You feel yourself slow down.
As you read the scroll of fear, it crumbles to dust.
You assume a fearsome visage.
The yak looks frightened! x3
The yak resists with some effort.
The yak closely misses you.
You hit the yak but do no damage. The yak gores you but does no damage.
Okay, then.
You feel yourself speed up. The yak gores you but does no damage.
The yak gores you!
You die...

#Y#..#........
##.#..#.....#
.........>###..
#..#........
#..#.#.#####
#...Y.......
#.##<#.####. #
#.Y.####..
#.@.......
#.......#.
###.....#
....... .....##
.....# .....#
......


You could see 2 yaks.

Vanquished Creatures
  A gnoll shaman (D:4)
  An adder (D:2)
  3 gnolls (D:4)
  An ufetubus (D:4)
  2 dart slugs
  3 orcs (D:4)
  3 ball pythons
  9 endoplasms
  3 giant cockroaches
  4 goblins
  4 hobgoblins
  2 jackals (D:2)
  A quokka (D:1)
  4 bats
  3 frilled lizards
  6 kobolds
  3 rats
53 creatures vanquished.

Vanquished Creatures (others)
  2 plants (D:1)
2 creatures vanquished.

Grand Total: 55 creatures vanquished

Notes
Turn   | Place    | Note
-------+----------+-------------------------------------------
     0 | D:1      | cojito the Palentonga Berserker began the quest for the
                  | Orb.
     0 | D:1      | Reached XP level 1. HP: 19/19 MP: 1/1
   198 | D:1      | Found Rown's Magic Scroll Emporium.
   272 | D:1      | Reached XP level 2. HP: 25/25 MP: 2/2
   385 | D:1      | Found Defuan's Weapon Emporium.
  1147 | D:1      | Found a faded altar of an unknown god.
  1533 | D:2      | Reached XP level 3. HP: 31/31 MP: 3/3
  1900 | D:3      | You fall into a shaft and drop 1 floor!
  1924 | D:3      | Reached ** piety under Trog
  2191 | D:3      | Found a broken altar of Ashenzari.
  2395 | D:4      | Reached XP level 4. HP: 39/39 MP: 4/4
  2490 | D:4      | Found a runed translucent gate.
  2490 | D:4      | Found a runed translucent gate.
  2490 | D:4      | Found a runed translucent gate.
  2591 | D:4      | Noticed yunder69's ghost (amateur MiBe)
  2592 | D:4      | Noticed a necrophage
  2611 | D:4      | Found a white marble altar of Elyvilon.
  2611 | D:4      | Found a hide-covered altar of Uskayaw.
  2619 | D:4      | Found a snail-covered altar of Cheibriados.
  2621 | D:4      | Found a faded altar of an unknown god.
  2623 | D:4      | Found an ornate altar of the Wu Jian Council.
  3428 | D:5      | Entered Level 5 of the Dungeon
  3430 | D:5      | Noticed a yak
  3430 | D:5      | Noticed a yak
  3430 | D:5      | Noticed a yak
  3430 | D:5      | Noticed a yak
  3431 | D:5      | Noticed a yak
  3442 | D:5      | Mangled by a yak

Illustrated notes

Levels and vault maps discovered:
D:1:      dpeg_arrival_boxorama, layout_basic, serial_shops,
          nicolae_shop_waterfront, nicolae_shop_hallway_plus,
          shapermc_ecumenical_altar_hornbeckon
D:2:      layout_rooms
D:3:      layout_rooms, evilmike_ruin_ashenzari, kennysheep_generic_room_12
D:4:      layout_basic, chequers_temple_overflow_minitemple,
          gammafunk_ghost_split
D:5:      layout_basic, nicolae_tso_besieged_by_evil, ebering_ghost_sewer_f,
          uniq_duvessa, uniq_pikel

Skill      XL: |  1  2  3  4 |
---------------+-------------+-----
Armour         | 2 |  2.3
Dodging        | 2 |  2.2
Fighting       | 4 |  4.0
Axes           | 4 |  4.0

Action                   |  1- 3 |  4- 6 || total
-------------------------+-------+-------++-------
Melee: Hand axe          |    88 |    52 ||   140
       Tailslap          |    10 |     5 ||    15
Invok: Berserk           |     1 |     1 ||     2
  Use: Scroll            |     3 |     1 ||     4
       Potion            |     1 |     1 ||     2
Armor: Leather armour    |     2 |       ||     2
       Ring mail         |     3 |       ||     3
       Chain mail        |    49 |    26 ||    75
Dodge: Dodged            |    21 |    14 ||    35

Table legend: (Time is in decaauts)
 A = Elapsed time spent in this place.
 B = Non-inter-level travel time spent in this place.
 C = Inter-level travel time spent in this place.
 D = Time resting spent in this place.
 E = Time spent auto-exploring this place.
 F = Levels seen in this place.
 G = Mean time per level.
                   A        B        C        D        E       F      G
               +--------+--------+--------+--------+--------+-----+--------+
         Total |   3458 |   3346 |    112 |    250 |   2642 |   5 |  691.6 |
       Dungeon |   3458 |   3346 |    112 |    250 |   2642 |   5 |  691.6 |
               +--------+--------+--------+--------+--------+-----+--------+

Top non-repeatable levels by time:
     D:1: 1322 daAuts
     D:4: 1086 daAuts
     D:3: 527 daAuts
     D:2: 507 daAuts
     D:5: 14 daAuts
